 Dungeon Crawl Stone Soup version 0.32-a0-20-ge526923d97 (webtiles) character file.

Game seed: 17929476942180670986

60 cforsyth the Changeling (level 4, -1/67 HPs)
             Began as an Oni Shapeshifter on Jan 17, 2024.
             Slain by a ribbon worm (4 damage)
             ... on level 3 of the Dungeon.
             The game lasted 00:01:10 (1115 turns).

cforsyth the Changeling (Oni Shapeshifter)          Turns: 1115, Time: 00:01:10

Health: -1/67      AC: 22    Str: 20    XL:     4   Next: 6%
Magic:  4/4        EV:  1    Int: 11    God:
Gold:   42         SH:  0    Dex:  8    Spells: 3/3 levels left

rFire   . .          .
                       - Unarmed
rCold   . . .        (no shield)
rNeg    . . .        a - melded +0 animal skin
rPois   +            (helmet currently unavailable)
rElec   .            (cloak currently unavailable)
rCorr   .            (gloves unavailable)
SInv    .            (boots unavailable)
Will    .....        (no amulet)
Stlth   +            (no ring)
HPRegen 0.31/turn    (no ring)
MPRegen 0.09/turn

%: no passive effects
@: tree-form
A: stationary, stasis, torment immunity, boosted hp, large, unfitting armour,
(horns 1), (tough skin 1), double potion healing, drunken brawling
a: no special abilities


You were on level 3 of the Dungeon.
You were a tree.
You visited 1 branch of the dungeon, and saw 3 of its levels.

You collected 42 gold pieces.

Inventory:

Armour
 a - a +0 animal skin (melded)
Talismans
 c - a beast talisman
 d - a flux talisman
Scrolls
 e - a scroll of butterflies {unknown}
 g - a scroll of amnesia {unknown}
 h - a scroll of vulnerability {unknown}
 i - a scroll of identify {unknown}
 j - a scroll of torment {unknown}
Potions
 b - a potion of lignification
 f - a potion of berserk rage {unknown}


   Skills:
 + Level 3.1 Fighting
 - Level 1.7 Dodging
 + Level 3.3 Unarmed Combat
 + Level 3.5 Shapeshifting


You had 3 spell levels left.
You didn't know any spells.
Your spell library was empty.

Dungeon Overview and Level Annotations

Branches:
Dungeon (3/15)

Altars:
Cheibriados


Innate Abilities, Weirdness & Mutations

You are a tree.
Your roots penetrate the ground, keeping you stationary.
You cannot be teleported.
You are immune to unholy pain and torment.
Your maximum health is greatly increased.
Your equipment is partially melded.
You are too large for most types of armour.
((You have a pair of small horns on your head.))
((You have tough skin. (AC +1)))
You gain doubled healing and magic from potions.
Whenever you drink a healing potion, you attack all around you.


Message History

You barely miss the adder.
The adder is moderately wounded.
You feel sick.
The ribbon worm bites you but does no damage.
The adder bites you.
You are more poisoned.
The adder poisons you!
You hit the adder.
The adder is heavily wounded.
You feel sick. The adder bites you. The ribbon worm bites you.
You punch the adder!
You kill the adder!
You feel sick.
You have reached level 4!
You barely miss the ribbon worm. Your headbutt misses the ribbon worm.
You punch the ribbon worm.
The ribbon worm is lightly wounded.
You feel sick. The ribbon worm bites you.
* * * LOW HITPOINT WARNING * * *
You barely miss the ribbon worm. You headbutt the ribbon worm.
The ribbon worm is moderately wounded.
You feel sick. The ribbon worm barely misses you.
You hit the ribbon worm.
The ribbon worm is heavily wounded.
You feel sick.
You hit the ribbon worm. Your headbutt misses the ribbon worm.
The ribbon worm is severely wounded.
You feel sick.
The ribbon worm expels a string of sticky webbing.
The stream of webbing hits you but does no damage.
You are caught in a web!
You feel sick.
You are no longer poisoned.
The ribbon worm bites you.
* * * LOW HITPOINT WARNING * * *
Your transformation has ended.
You turn into a tree.
Your +0 animal skin melds into your body.
Your roots penetrate the ground.
The ribbon worm bites you.
You die...

#######.#
#.......#
##♣#####... ##w†#
###..## #...##
#.#.#### #
##.#...)###..#
##............=
...........$.....
...##.......#.###


You could see a ribbon worm (catching breath).

Vanquished Creatures
  2 adders
  3 dart slugs (D:1)
  3 endoplasms
  A giant cockroach (D:1)
  4 goblins
  2 hobgoblins (D:2)
  3 kobolds (D:1)
  A quokka (D:2)
  5 ball pythons (D:1)
  7 bats
  A frilled lizard (D:2)
  4 rats (D:1)
36 creatures vanquished.

Notes
Turn   | Place    | Note
-------+----------+-------------------------------------------
     0 | D:1      | cforsyth the Oni Shapeshifter began the quest for the Orb.
     0 | D:1      | Reached XP level 1. HP: 19/19 MP: 1/1
   136 | D:1      | Reached XP level 2. HP: 28/28 MP: 2/2
   289 | D:1      | Reached XP level 3. HP: 36/36 MP: 3/3
   732 | D:2      | Found a snail-covered altar of Cheibriados.
  1110 | D:3      | Reached XP level 4. HP: 15/45 MP: 4/4
  1114 | D:3      | HP: 2/45 [ribbon worm (5)]
  1115 | D:3      | Slain by a ribbon worm

Illustrated notes

Levels and vault maps discovered:
D:1:      minmay_arrival_three_doors, layout_basic
D:2:      kennysheep_big_flooded_room, layout_basic, basic_altar
D:3:      layout_rooms, amcnicky_altar_gilded, led_sif_book,
          uniq_crazy_yiuf_cottage

Skill      XL: |  1  2  3 |
---------------+----------+-----
Fighting       | 2 3 |  3.1
Unarmed Combat | 3 |  3.3
Dodging        | |  1.7
Shapeshifting  | |  3.5

Action                     |  1- 3 |  4- 6 || total
---------------------------+-------+-------++-------
  Melee: Unarmed           |    97 |     4 ||   101
         Headbutt          |     8 |     1 ||     9
         Punch             |       |     1 ||     1
    Use: Potion            |       |     1 ||     1
 Armour: Animal skin       |    73 |     2 ||    75
         Skin              |       |     1 ||     1
  Dodge: Dodged            |    55 |     1 ||    56

Table legend: (Time is in decaauts)
 A = Elapsed time spent in this place.
 B = Non-inter-level travel time spent in this place.
 C = Inter-level travel time spent in this place.
 D = Time resting spent in this place.
 E = Time spent auto-exploring this place.
 F = Levels seen in this place.
 G = Mean time per level.
                   A        B        C        D        E       F      G
               +--------+--------+--------+--------+--------+-----+--------+
         Total |   1109 |   1074 |     35 |    120 |    734 |   3 |  369.7 |
       Dungeon |   1109 |   1074 |     35 |    120 |    734 |   3 |  369.7 |
               +--------+--------+--------+--------+--------+-----+--------+

Top non-repeatable levels by time:
     D:1: 634 daAuts
     D:2: 435 daAuts
     D:3: 40 daAuts
